 Dungeon Crawl Stone Soup version 0.16-a0-3536-g164200f (webtiles) character file.

84 Gronka the Ducker (level 4, -1/33 HPs)
             Began as a Merfolk Transmuter on Jan 8, 2015.
             Succumbed to a gnoll's poison
             ... on level 3 of the Dungeon.
             The game lasted 00:11:32 (3054 turns).

Gronka the Ducker (Merfolk Transmuter)              Turns: 3054, Time: 00:11:33

Health: -1/33      AC:  2    Str: 15    XL:     4   Next: 45%
Magic:  2/7        EV: 23    Int: 13    God:
Gold:   59         SH:  0    Dex: 19    Spells: 2 memorised, 3 levels left

rFire  . . .     SeeInvis .       - Unarmed
rCold  . . .     Clarity  .     c - melded +0 robe
rNeg   . . .     SustAb   .     (shield currently unavailable)
rPois  x         Gourm    .     (helmet currently unavailable)
rElec  .         Spirit   .     (cloak currently unavailable)
rCorr  +         Warding  .     (gloves currently unavailable)
rMut   .         Stasis   .     (boots currently unavailable)
MR     .....                    a - amulet of resist corrosion
Stlth  ++........               (no ring)
                                (no ring)

@: mighty, lethally poisoned, spider-form (expiring), very slightly
contaminated, not resistant to hostile enchantments, unstealthy
A: (change form in water), (swift swim)
a: End Transformation


You were on level 3 of the Dungeon.
You were not hungry.
You were a venomous arachnid creature.
You visited 1 branch of the dungeon, and saw 3 of its levels.

You collected 59 gold pieces.

Inventory:

Hand weapons
 o - a cursed +0 spear (quivered)
Missiles
 b - 75 arrows
Armour
 c - a +0 robe (melded)
Jewellery
 a - an amulet of resist corrosion (around neck)
Scrolls
 e - 5 scrolls of identify {unknown}
 h - 2 scrolls of remove curse {unknown}
 j - a scroll of fear {unknown}
 k - a scroll of teleportation {unknown}
 l - 2 scrolls of fog {unknown}
Potions
 n - a potion of resistance {unknown}
Books
 d - a book of Changes

   Spells                             Type                      Level
   a - Beastly Appendage              Transmutation                1
   b - Sticks to Snakes               Transmutation                2
   c - Spider Form                    Transmutation/Poison         3
   d - Ice Form                       Ice/Transmutation            4
   e - Blade Hands                    Transmutation                5
Comestibles
 f - a meat ration
 g - a beef jerky
 i - a slice of pizza


   Skills:
 + Level 1.8 Fighting
 + Level 4.1 Dodging
 + Level 0.2 Stealth
 + Level 4.0 Unarmed Combat
 + Level 2.2 Spellcasting
 + Level 3.2 Transmutations
 + Level 0.2 Poison Magic


You had 3 spell levels left.
You knew the following spells:

 Your Spells              Type           Power        Failure   Level  Hunger
a - Beastly Appendage     Trmt           #.....       24%         1    ##.....
b - Spider Form           Trmt/Pois      #.........   61%         3    ####...


Dungeon Overview and Level Annotations

Branches:
Dungeon (3/15)

Altars:


Message History

The gnoll hits you from afar with a spear of venom!
You are poisoned.
You closely miss the orc priest.
The orc priest is moderately wounded.
Your transformation is almost over.
You feel sick. The orc priest barely misses you.
The gnoll hits you from afar with a spear of venom.
You hit the orc priest.
The orc priest looks even sicker.
The orc priest is heavily wounded.
You feel sick. The gnoll completely misses you.
The orc priest invokes the aid of Beogh against you.
Something smites you!
* * * LOW HITPOINT WARNING * * *
The gnoll hits you from afar with a spear of venom.
* * * LOW HITPOINT WARNING * * *
You are more poisoned.
Drink which item? (? for menu, Esc to quit)
It was a potion of might.
You feel very mighty all of a sudden.
You die... ... ......$.# ..(...... ###....... #......... ....go. .ggo

. ##o## . .##
#.s.# ....#
####.#.# #.[..
......#.###..#
####.......#
#.#.###.#
#..#.###.#
...##.....##
#### ####...#
#...#


You could see 2 orc priests, 3 gnolls and an orc.

Vanquished Creatures
  4 adders (D:2)
  A worm (D:2)
  An orc (D:3)
  2 bats
  2 giant cockroaches (D:1)
  4 goblins
  7 hobgoblins
  3 jackals (D:1)
  7 kobolds
  A giant newt (D:2)
  3 rats
35 creatures vanquished.

Notes
Turn   | Place    | Note
--------------------------------------------------------------
     0 | D:1      | Gronka, the Merfolk Transmuter, began the quest for the Orb.
     0 | D:1      | Reached XP level 1. HP: 15/15 MP: 3/3
   358 | D:1      | Reached XP level 2. HP: 5/21 MP: 4/4
   400 | D:1      | HP: 1/21 [kobold/whip (4)]
  1161 | D:1      | Reached XP level 3. HP: 24/26 MP: 6/6
  1166 | D:1      | Learned a level 3 spell: Spider Form
  1411 | D:1      | Reached skill level 4 in Unarmed Combat
  1753 | D:2      | HP: 1/26 [adder (4)]
  2079 | D:2      | Reached XP level 4. HP: 13/33 MP: 7/7
  3054 | D:3      | Succumbed to a gnoll's poison

Action                   |  1- 3 |  4- 6 || total
-------------------------+-------+-------++-------
Melee: Unarmed           |   156 |    27 ||   183
 Cast: Beastly Appendage |    10 |     1 ||    11
       Spider Form       |     1 |     1 ||     2
  Use: Potion            |     3 |     1 ||     4
  Eat: Chunk             |     1 |     1 ||     2
       Bread ration      |     1 |       ||     1
       Meat ration       |       |     1 ||     1
